 Dungeon Crawl Stone Soup version 0.31-a0-175-g9f7f995f2b (webtiles) character file.

Game seed: 17531149969275871010

67 pokeman the Magician (level 4, 0/25 HPs)
             Began as a Deep Elf Hedge Wizard on June 16, 2023.
             Slain by a hobgoblin (1 damage)
             ... on level 3 of the Dungeon.
             The game lasted 00:02:58 (2427 turns).

pokeman the Magician (Deep Elf Hedge Wizard)        Turns: 2427, Time: 00:02:59

Health: 0/25       AC:  3    Str:  7    XL:     4   Next: 0%
Magic:  5/13       EV: 12    Int: 21    God:
Gold:   95         SH:  0    Dex: 14    Spells: 5/13 levels left

rFire   . . .        a - +0 dagger
rCold   . . .        (no shield)
rNeg    . . .        b - +0 robe
rPois   .            j - +0 helmet
rElec   .            (no cloak)
rCorr   .            (no gloves)
SInv    .            (no boots)
Will    .....        (no amulet)
Stlth   ++           (no ring)
HPRegen 0.24/turn    (no ring)
MPRegen 0.13/turn

%: no passive effects
@: lethally poisoned (0 -> -8)
A: no striking features
a: no special abilities


You were on level 3 of the Dungeon.
You visited 1 branch of the dungeon, and saw 3 of its levels.

You collected 95 gold pieces.

Inventory:

Hand Weapons
 a - a +0 dagger (weapon)
Armour
 b - a +0 robe (worn)
 j - a +0 helmet (worn)
Magical Staves
 h - a staff of fire
Scrolls
 f - 2 scrolls of teleportation {unknown}
 g - a scroll of revelation {unknown}
 m - 2 scrolls of amnesia {unknown}
Potions
 c - a potion of enlightenment {unknown}
 d - a potion of magic
 e - 2 potions of degeneration {unknown}
 i - a potion of curing {unknown}
 k - a potion of attraction {unknown}
 l - a potion of cancellation {unknown}


   Skills:
 - Level 1.0 Fighting
 - Level 1.0 Armour
 + Level 2.5 Dodging
 + Level 2.4 Stealth
 * Level 5.4 Spellcasting
 + Level 2.2 Conjurations
 - Level 1.1 Summonings
 - Level 1.1 Translocations


You had 5 spell levels left.
You knew the following spells:

 Your Spells              Type           Power      Damage    Failure   Level
a - Magic Dart            Conj           60%        1d6       4%          1
b - Mephitic Cloud        Conj/Pois/Air  8%         N/A       22%         3
c - Call Imp              Summ           20%        N/A       10%         2
d - Blink                 Tloc           20%        N/A       10%         2

Your spell library contained the following spells:

 Spells                   Type           Power      Damage    Failure   Level
 Lesser Beckoning         Tloc           20%        N/A       10%         2
 Slow                     Hex            20%        N/A       11%         1
 Cigotuvi's Dreadful Rot  Necr/Pois/Air  10%        N/A       16%         2
 Gell's Gravitas          Tloc           10%        N/A       21%         3
 Teleport Other           Tloc           10%        N/A       21%         3


Dungeon Overview and Level Annotations

Branches:
Dungeon (3/15)

Altars:


Message History

You feel very sick.
Your cerulean imp hits the scorpion from afar with a -3 spear.
The scorpion stings you.
You are lethally poisoned!
The scorpion poisons you!
The hobgoblin hits you but does no damage.
You barely miss the scorpion.
The scorpion is severely wounded.
You feel very sick.
Your cerulean imp barely misses the scorpion.
The hobgoblin hits you.
Unknown command.
Casting: Call Imp (safe; 10% risk of failure)
Confirm with . or Enter, or press ? or * to list all spells.
Aiming: Magic Dart (safe; 4% risk of failure)
Press: ? - help, Shift-Dir - straight line, f/p - scorpion
Aim: a scorpion (severely wounded, confused, ally target, 100% to hit)
The magic dart hits the scorpion but does no damage.
The scorpion is severely wounded.
You feel very sick.
The hobgoblin hits you but does no damage.
You hit the hobgoblin.
The hobgoblin is heavily wounded.
* * * LOW HITPOINT WARNING * * *
You feel very sick.
Your cerulean imp barely misses the scorpion.
The hobgoblin hits you.
* * * LOW HITPOINT WARNING * * *
Casting: Magic Dart (safe; 4% risk of failure)
Confirm with . or Enter, or press ? or * to list all spells.
Aiming: Magic Dart (safe; 4% risk of failure)
Press: ? - help, Shift-Dir - straight line, f/p - scorpion
Aim: a scorpion (severely wounded, confused, ally target, 100% to hit)
The magic dart hits the hobgoblin but does no damage.
The hobgoblin is heavily wounded.
* * * LOW HITPOINT WARNING * * *
You feel very sick.
Your cerulean imp barely misses the hobgoblin.
The hobgoblin hits you.
You die...

#. #.#####
#.....#
#.....#
#.....#
#.....#
#.....####.
#......s...
#..@g......
#..5.......
#.##.#.....
#.# .######
#.# .. #.#
### #.# #.#
#+#


You could see a scorpion (confused, ally target), a hobgoblin and a friendly
cerulean imp (summoned).

Vanquished Creatures
  An adder (D:2)
  A worm (D:2)
  A dart slug (D:1)
  6 bats
  3 endoplasms
  2 giant cockroaches
  8 goblins
  4 hobgoblins
  4 jackals
  A quokka (D:2)
  4 ball pythons
  3 frilled lizards
  4 kobolds
  3 rats
45 creatures vanquished.

Vanquished Creatures (collateral kills)
  3 jackals (D:1)
3 creatures vanquished.

Grand Total: 48 creatures vanquished

Notes
Turn   | Place    | Note
-------+----------+-------------------------------------------
     0 | D:1      | pokeman the Deep Elf Hedge Wizard began the quest for the
                  | Orb.
     0 | D:1      | Reached XP level 1. HP: 10/10 MP: 7/7
   423 | D:1      | You fall into a shaft and drop 1 floor!
   432 | D:2      | Reached XP level 2. HP: 12/16 MP: 1/9
   725 | D:2      | Reached skill level 5 in Spellcasting
   801 | D:1      | Reached XP level 3. HP: 14/20 MP: 3/11
   819 | D:1      | Learned a level 3 spell: Mephitic Cloud
   822 | D:1      | Learned a level 2 spell: Call Imp
   825 | D:1      | Learned a level 2 spell: Blink
  1361 | D:1      | Reached skill level 1 in Armour
  2102 | D:2      | Reached skill level 1 in Fighting
  2356 | D:2      | Reached XP level 4. HP: 25/25 MP: 11/13
  2408 | D:3      | Noticed a scorpion
  2427 | D:3      | HP: 1/25 [poisoned by a scorpion]
  2427 | D:3      | Slain by a hobgoblin

Illustrated notes

Levels and vault maps discovered:
D:1:      lemuel_arrival_rhombus, layout_basic
D:2:      layout_loops_ring
D:3:      layout_basic, serial_shops, shop, solitary_fountain, uniq_natasha,
          uniq_terence, uniq_sigmund

Skill      XL: |  1  2  3 |
---------------+----------+-----
Spellcasting   | 5 |  5.4
Armour         | 1 |  1.0
Conjurations   | 2 |  2.2
Fighting       | 1 |  1.0
Dodging        | |  2.5
Stealth        | |  2.4
Summonings     | |  1.1
Translocations | |  1.1

Action                     |  1- 3 |  4- 6 || total
---------------------------+-------+-------++-------
  Melee: Dagger            |    12 |    10 ||    22
         Punch             |     1 |       ||     1
   Cast: Magic Dart        |   109 |     2 ||   111
         Call Imp          |     1 |     1 ||     2
         Mephitic Cloud    |       |     2 ||     2
 Armour: Robe              |    11 |     6 ||    17
  Dodge: Dodged            |    27 |     2 ||    29

Table legend: (Time is in decaauts)
 A = Elapsed time spent in this place.
 B = Non-inter-level travel time spent in this place.
 C = Inter-level travel time spent in this place.
 D = Time resting spent in this place.
 E = Time spent auto-exploring this place.
 F = Levels seen in this place.
 G = Mean time per level.
                   A        B        C        D        E       F      G
               +--------+--------+--------+--------+--------+-----+--------+
         Total |   2426 |   2370 |     56 |     63 |   2040 |   3 |  808.7 |
       Dungeon |   2426 |   2370 |     56 |     63 |   2040 |   3 |  808.7 |
               +--------+--------+--------+--------+--------+-----+--------+

Top non-repeatable levels by time:
     D:1: 1352 daAuts
     D:2: 1055 daAuts
     D:3: 18 daAuts
